 Dungeon Crawl Stone Soup version 0.28.0-53-g5a82cb258f (webtiles) character file.

Game seed: 18335914078486390622

7228 issech the Protected (level 10, 0/81 HPs)
             Began as a Minotaur Monk on June 22, 2022.
             Was a Priest of Hepliaklqana.
             Slain by a tengu warrior
             ... wielding a +0 war axe
              (6 damage)
             ... on level 10 of the Dungeon.
             The game lasted 00:29:57 (11421 turns).

issech the Protected (Minotaur Monk)               Turns: 11421, Time: 00:29:58

Health: 0/81       AC: 23    Str: 23    XL:     10   Next: 88%
Magic:  9/9        EV:  6    Int:  7    God:    Hepliaklqana [***...]
Gold:   592        SH:  3    Dex: 16    Spells: 9/9 levels left

rFire   + . .      SeeInvis .   G - +3 broad axe
rCold   + . .      Faith    .   Q - +0 buckler
rNeg    . . .      Spirit   .   H - +1 gold dragon scales
rPois   +          Reflect  .   (helmet restricted)
rElec   .          Harm     .   M - +0 cloak
rCorr   .          Rampage  .   (no gloves)
Will    .....                   X - +0 pair of boots
Stlth   ..........              (no amulet)
HPRegen 0.23/turn               o - +6 ring of strength
MPRegen 0.11/turn               (no ring)

@: no status effects
A: reduced essence, horns 2, retaliatory headbutt
a: Renounce Religion, Recall Ancestor, Ancestor Identity, Transference


You were on level 10 of the Dungeon.
You worshipped Hepliaklqana.
Hepliaklqana was most pleased with you.
You visited 2 branches of the dungeon, and saw 11 of its levels.

You collected 592 gold pieces.

Inventory:

Hand Weapons
 h - a +0 hunting sling
 n - a +3 flail of freezing
 u - the +1 trident "Laongeg" {elec, +Blink}
   (You found it on level 3 of the Dungeon)

   It occasionally discharges a powerful burst of electricity upon striking a
   foe.
   +Blink:    It lets you blink.
 C - a +3 hand axe of distortion
 D - a +0 war axe
 G - a +3 broad axe (weapon)
 P - a +0 arbalest
 V - a +1 vorpal shortbow
Missiles
 f - 268 stones
 g - 29 sling bullets
 i - 5 boomerangs (quivered)
 p - 2 javelins
 t - 17 poisoned darts
 B - 257 arrows
 E - 14 bolts
Armour
 a - a +2 robe of cold resistance
 H - +1 gold dragon scales (worn)
 M - a +0 cloak (worn)
 Q - a +0 buckler (worn)
 X - a +0 pair of boots (worn)
Magical Staves
 d - a staff of cold
Jewellery
 o - a +6 ring of strength (left hand)
Wands
 K - a wand of paralysis (13)
 L - a wand of iceblast (10)
 O - a wand of mindburst (16)
 U - a wand of flame (12)
Scrolls
 c - a scroll of enchant weapon
 k - a scroll of amnesia
 q - a scroll of fog {unknown}
 r - 3 scrolls of holy word
 s - 2 scrolls of teleportation {unknown}
 y - 2 scrolls of blinking
 I - a scroll of immolation {unknown}
 N - a scroll of fear {unknown}
 R - 2 scrolls of magic mapping {unknown}
 T - a scroll of vulnerability {unknown}
Potions
 b - a potion of mutation {unknown}
 e - 3 potions of attraction {unknown}
 j - 3 potions of curing {unknown}
 l - 3 potions of lignification {unknown}
 m - a potion of resistance {unknown}
 v - a potion of berserk rage {unknown}
 w - 2 potions of flight {unknown}
 x - 2 potions of magic {unknown}
 z - a potion of ambrosia {unknown}
 A - 3 potions of haste {unknown}
 F - a potion of invisibility
 J - a potion of heal wounds {unknown}
 W - a potion of might {unknown}


   Skills:
 + Level 8.9 Fighting
 + Level 4.5 Short Blades
 + Level 0.7(7.1) Axes
 + Level 2.6(2.7) Maces & Flails
 + Level 10.9 Polearms
 + Level 3.2 Crossbows
 + Level 2.2 Throwing
 + Level 12.6 Armour
 + Level 3.8 Dodging
 + Level 2.0 Stealth
 + Level 0.1 Evocations


You had 9 spell levels left.
You didn't know any spells.
Your spell library contained the following spells:

 Spells                   Type           Power      Damage    Failure   Level
 Corpse Rot               Necr/Air       0%         N/A       100%        2
 Airstrike                Air            0%         N/A       100%        4
 Dispel Undead            Necr           0%         3d6       100%        4
 Summon Lightning Spire   Summ/Air       0%         N/A       100%        4
 Lightning Bolt           Conj/Air       0%         1d11      100%        5
 Death Channel            Necr           0%         N/A       100%        6


Dungeon Overview and Level Annotations

Branches:
Dungeon (10/15)            Temple (1/1) D:7
   Lair: D:8-11         Orc: D:9-12

Altars:
Ashenzari
Cheibriados
Dithmenos
Elyvilon
Fedhas
Gozag
Hepliaklqana
Kikubaaqudgha
Makhleb
Nemelex Xobeh
Okawaru
Qazlal
Ru
Sif Muna
Trog
Uskayaw
Vehumet
Wu Jian
Xom
Yredelemnul
Zin
The Shining One


Innate Abilities, Weirdness & Mutations

Your life essence is reduced to manifest your ancestor. (-10% HP)
You have a pair of horns on your head.
You reflexively headbutt those who attack you in melee.


Message History

* * * LOW HITPOINT WARNING * * *
Impisi points at the centaur warrior and mumbles some strange words.
The puff of frost hits the centaur warrior!
You hit the centaur warrior.
The centaur warrior is severely wounded.
The centaur warrior hits you but does no damage.
The centaur warrior kicks you but does no damage.
The centaur warrior hits you but does no damage.
The centaur warrior kicks you but does no damage.
You barely miss the centaur warrior. You headbutt the centaur warrior!
The centaur warrior is almost dead.
The centaur warrior hits you but does no damage.
The centaur warrior kicks you but does no damage.
The centaur warrior hits you!
* * * LOW HITPOINT WARNING * * *
You block the centaur warrior's attack.
You hit the centaur warrior.
Your headbutt misses the centaur warrior.
The centaur warrior is almost dead.
The centaur warrior hits you but does no damage.
The centaur warrior kicks you but does no damage.
The centaur warrior hits you.
* * * LOW HITPOINT WARNING * * *
The centaur warrior barely misses you.
You hit the centaur warrior.
You headbutt the centaur warrior, but do no damage.
The centaur warrior is almost dead.
The centaur warrior hits you.
* * * LOW HITPOINT WARNING * * *
The centaur warrior kicks you but does no damage.
Impisi casts a spell at the centaur warrior.
The stone arrow hits the centaur warrior!
The centaur warrior dies!
Your Stealth skill increases to level 2!
Impisi gestures at the tengu warrior while chanting.
The stone arrow hits the tengu warrior.
Impisi barely misses the tengu warrior.
Impisi hits the tengu warrior with a +0 quarterstaff!
The tengu warrior hits you with a +0 war axe.
You die...

..#######.#.......#.# .# #
######..#.#.#.#...#.....#.#
# #
#..[....#^^^^^#.........#.#
#
#.###.#########...#.......#
# #.#
#.#/'^....'...#.###.#.# #.#
#.# #)#########...#.. ....
..# #.# #..R#^^^^^#.######
#. #.# #.# ###.#.#.#.#.#
#.# #.# #.#######@# #.# #.#
#.....R.Q.# #.# #.#
##.######## #.# #.# . #..
#.# ... #.# #.#####
.....### #.. ... ........
### #.# ...##### ##.#####


You could see the friendly Impisi the battlemage and a tengu warrior.

Vanquished Creatures
  Harold (D:10)
  Fannar (D:10)
  2 trolls
  A wraith (D:8)
  2 wyverns (D:8)
  A steam dragon (D:7)
  An acid dragon (D:9)
  An ice beast (D:6)
  A black bear (D:6)
  2 orc warriors
  4 centaurs
  2 phantoms
  A kobold brigand (D:9)
  A gnoll sergeant (D:5)
  5 bullfrogs
  2 scorpions (D:4)
  6 wights
  3 howler monkeys
  A centaur zombie (D:7)
  4 hounds (D:6)
  A jelly (D:4)
  Jessica (D:3)
  2 gnoll shamans
  2 iguanas (D:5)
  Natasha (thrice) (D:3)
  5 orc wizards
  9 gnolls (D:6)
  7 adders
  A howler monkey skeleton (D:6)
  A white imp (D:6)
  2 ufetubi
  4 adder skeletons
  2 worms (D:2)
  8 orcs
  2 endoplasms (D:1)
  2 giant cockroaches (D:1)
  3 hobgoblins
  5 kobolds
  4 quokkas
  9 ball pythons
  3 bats
  A frilled lizard (D:1)
  5 goblins
  13 rats
137 creatures vanquished.

Vanquished Creatures (collateral kills)
  A centaur warrior (D:10)
  A tengu warrior (D:10)
  A hornet (D:7)
  A wraith (D:10)
  A shadow (D:9)
  A wyvern (D:7)
  An ice beast (D:8)
  3 centaurs
  A wight (D:9)
  3 howler monkeys (D:10)
  2 orc priests
  An orc wizard (D:9)
  3 orcs
  A kobold (D:9)
21 creatures vanquished.

Vanquished Creatures (others)
  A battlemage (D:8)
  10 plants (D:6)
11 creatures vanquished.

Grand Total: 169 creatures vanquished

Notes
Turn   | Place    | Note
-------+----------+-------------------------------------------
     0 | D:1      | issech the Minotaur Monk began the quest for the Orb.
     0 | D:1      | Reached XP level 1. HP: 19/19 MP: 0/0
   448 | D:1      | Reached XP level 2. HP: 13/27 MP: 1/1
   625 | D:1      | Found a faded altar of an unknown god.
  1267 | D:2      | Reached skill level 1 in Armour
  1267 | D:2      | Reached XP level 3. HP: 30/33 MP: 2/2
  1900 | D:3      | Reached skill level 2 in Armour
  2017 | D:3      | Noticed Natasha
  2022 | D:3      | Killed Natasha
  2023 | D:3      | Reached XP level 4. HP: 40/40 MP: 3/3
  2045 | D:3      | Identified the +1 hand axe of Foolhardiness {freeze, rCorr
                  | Str-2 Int+7 Dex-5}
  2101 | D:3      | Identified the +1 trident "Laongeg" {elec, +Blink}
  2303 | D:3      | Noticed Natasha
  2313 | D:3      | Killed Natasha
  2314 | D:3      | Reached skill level 3 in Armour
  2497 | D:3      | Noticed Natasha
  2504 | D:3      | Killed Natasha
  2583 | D:3      | Noticed Jessica
  2589 | D:3      | Killed Jessica
  2590 | D:3      | Reached XP level 5. HP: 46/47 MP: 4/4
  2643 | D:4      | Reached skill level 1 in Polearms
  2994 | D:4      | Found a bloodstained altar of Trog.
  3121 | D:4      | Reached skill level 4 in Armour
  3179 | D:4      | Reached XP level 6. HP: 53/53 MP: 5/5
  3697 | D:5      | Entered Level 5 of the Dungeon
  4324 | D:5      | Reached skill level 5 in Fighting
  4324 | D:5      | Reached skill level 1 in Throwing
  4324 | D:5      | Reached skill level 5 in Armour
  4324 | D:5      | Reached XP level 7. HP: 57/61 MP: 6/6
  5139 | D:6      | Reached skill level 5 in Polearms
  5349 | D:6      | Reached skill level 6 in Armour
  5731 | D:6      | Reached XP level 8. HP: 69/69 MP: 7/7
  6049 | D:6      | Reached skill level 7 in Armour
  6435 | D:7      | Found a staircase to the Ecumenical Temple.
  6506 | Temple   | Entered the Ecumenical Temple
  6767 | Temple   | Became a worshipper of Hepliaklqana the Forgotten
  6767 | Temple   | Reached * piety under Hepliaklqana
  6767 | Temple   | Reached ** piety under Hepliaklqana
  6768 | Temple   | Remembered your ancestor Impisi as a battlemage
  7292 | D:7      | Noticed a hornet
  7302 | D:7      | Killed a hornet
  7303 | D:7      | Reached skill level 8 in Armour
  8064 | D:7      | Reached XP level 9. HP: 70/70 MP: 8/8
  8296 | D:8      | Noticed a troll
  8307 | D:8      | Reached skill level 9 in Armour
  8367 | D:8      | Killed a troll
  8368 | D:8      | Reached skill level 1 in Crossbows
  8937 | D:8      | Reached skill level 10 in Armour
  9385 | D:9      | Noticed a troll
  9395 | D:9      | Killed a troll
  9408 | D:9      | Reached skill level 11 in Armour
  9418 | D:9      | Reached XP level 10. HP: 34/77 MP: 9/9
 10225 | D:10     | Entered Level 10 of the Dungeon
 10247 | D:10     | Reached *** piety under Hepliaklqana
 10267 | D:10     | Noticed Fannar
 10284 | D:10     | Killed Fannar
 10623 | D:10     | Noticed Harold
 10649 | D:10     | Reached skill level 10 in Polearms
 10835 | D:10     | Killed Harold
 10836 | D:10     | Reached skill level 12 in Armour
 10958 | D:10     | Reached skill level 1 in Maces & Flails
 11337 | D:10     | Noticed a centaur warrior
 11339 | D:10     | Noticed a tengu warrior
 11385 | D:10     | Killed a tengu warrior
 11403 | D:10     | Noticed a tengu warrior
 11411 | D:10     | HP: 3/81 [centaur warrior (2)]
 11411 | D:10     | Killed a centaur warrior
 11421 | D:10     | Slain by a tengu warrior

Illustrated notes

Levels and vault maps discovered:
D:1:      minmay_arrival_five_plusses, layout_loops_ring,
          dreamdust_ecumenical_altar_grove, minmay_rat_gold_closets
D:2:      layout_basic
D:3:      layout_loops_ring, uniq_natasha, uniq_jessica
D:4:      layout_basic, mainiacjoe_overflow_alcove_1
D:5:      layout_gridville
D:6:      layout_gridville, nicolae_grassy_gnolls
D:7:      layout_layer_cave, minmay_temple_entry_waves
D:8:      layout_layer_cave, serial_glass, glass_columns_b, glass_columns_a,
          st_stairs_1
D:9:      layout_rooms
D:10:     layout_basic, grunt_tough_drop, uniq_fannar, uniq_harold
Temple:   mainiacjoe_temple_starburst

Skill      XL: |  1  2  3  4  5  6  7  8  9 10 |
---------------+-------------------------------+-----
Armour         | 1 2 3 4 5 6 8 11 12 | 12.6
Fighting       | 4 5 6 7 8 |  8.9
Short Blades   | 4 |  4.5
Polearms       | 1 3 5 8 9 10 | 10.9
Throwing       | 1 2 |  2.2
Crossbows      | 3 |  3.2
Maces & Flails | 2 |  2.6
Stealth        | 2 |  2.0
Axes           | |  0.7
Dodging        | |  3.8
Evocations     | |  0.1

Action                   |  1- 3 |  4- 6 |  7- 9 | 10-12 || total
-------------------------+-------+-------+-------+-------++-------
Melee: Short sword       |    28 |       |       |       ||    28
       Headbutt          |    10 |    16 |    30 |     8 ||    64
       Punch             |     2 |     2 |     4 |     1 ||     9
       Rapier            |    50 |     1 |       |       ||    51
       Trident           |       |    82 |   179 |    48 ||   309
       Flail             |       |       |       |    16 ||    16
       Broad axe         |       |       |       |     8 ||     8
 Fire: Arbalest          |       |       |    11 |       ||    11
Throw: Boomerang         |    15 |     2 |    10 |       ||    27
Invok: Ancestor Life: Ba |       |       |     1 |       ||     1
 Abil: Evoke Blink       |       |     1 |       |       ||     1
  Use: Scroll            |       |       |     5 |     2 ||     7
 Stab: Distracted        |       |       |       |     1 ||     1
Armor: Chain mail        |    51 |    55 |       |       ||   106
       Gold dragon scale |       |       |   230 |    86 ||   316
Dodge: Dodged            |    25 |    36 |    44 |    19 ||   124
Block: Buckler           |       |       |       |     2 ||     2
